 Dungeon Crawl Stone Soup version 0.17.2 (webtiles) character file.

65 ololoev the Cudgeler (level 3, 0/29 HPs)
             Began as a Mummy Chaos Knight on May 30, 2016.
             Slain by an orc priest
             ... wielding a +0 short sword
              (8 damage)
             ... on level 3 of the Dungeon.
             The game lasted 00:02:29 (2072 turns).

ololoev the Cudgeler (Mummy Chaos Knight)           Turns: 2072, Time: 00:02:30

Health: 0/29       AC: 10    Str: 16    XL:     3   Next: 92%
Magic:  3/3        EV:  6    Int: 16    God:    Xom [..*...]
Gold:   149        SH:  0    Dex: 11    Spells: 0 memorised, 2 levels left

rFire  x . .     SeeInvis .     a - +0 mace (chaos)
rCold  + . .     Clarity  .     g - +0 chain mail
rNeg   + + +     SustAt   .     (no shield)
rPois  ∞         Gourm    .     f - +0 helmet
rElec  .         Spirit   .     (no cloak)
rCorr  .         Warding  .     (no gloves)
rMut   .         Stasis   .     (no boots)
MR     +....                    (no amulet)
Stlth  ..........               (no ring)
                                h - ring of protection from magic

@: brilliant, somewhat resistant to hostile enchantments, extremely unstealthy
A: no food or potions, fire vulnerability, cold resistance 1, negative energy
resistance 3, torment resistance, unbreathing
a: Renounce Religion


Innate Abilities, Weirdness & Mutations

You do not eat or drink.
Your flesh is vulnerable to fire.
You are immune to poison.
Your flesh is cold resistant.
You are immune to negative energy.
You are immune to unholy pain and torment.
You can survive without breathing.

Inventory:

Hand Weapons
 a - a +0 mace of chaos (weapon)
Armour
 f - a +0 helmet (worn)
 g - a +0 chain mail (worn)
Jewellery
 h - a ring of protection from magic (left hand)
Scrolls
 b - 2 scrolls of identify {unknown}
 c - a scroll of enchant weapon {unknown}
 d - a scroll of magic mapping {unknown}
 e - 4 scrolls of fog {unknown}
 i - a scroll of amnesia {unknown}
 j - a scroll of enchant armour {unknown}
 k - a scroll of recharging {unknown}


   Skills:
 - Level 3.0 Fighting
 * Level 3.3 Maces & Flails
 + Level 2.6 Armour
 - Level 0.7 Dodging


You had 2 spell levels left.
You didn't know any spells.


You were on level 3 of the Dungeon.
You worshipped Xom.
You were a toy of Xom.
You were not hungry.

You visited 1 branch of the dungeon, and saw 3 of its levels.

You collected 149 gold pieces.

#... #oo.
#..# ## ..#
#. ..# #.
#.# #. #<#
##w###.#
#.##..@##.#
#......o).#
####...####
##.## #..
#... #....
##... ##

Notes
Turn   | Place    | Note
--------------------------------------------------------------
     0 | D:1      | ololoev the Mummy Chaos Knight began the quest for the Orb.
     0 | D:1      | Reached XP level 1. HP: 18/18 MP: 1/1
    28 | D:1      | XOM: divination: detect items
    42 | D:1      | Reached XP level 2. HP: 5/24 MP: 2/2
   518 | D:1      | XOM: silly message
   694 | D:1      | XOM: divination: magic mapping
   800 | D:1      | XOM: harmless Tloc miscast
   868 | D:1      | XOM: potion effect (curing)
   882 | D:1      | Reached XP level 3. HP: 16/29 MP: 3/3
  1153 | D:1      | XOM: silly message
  1379 | D:2      | XOM: divination: detect creatures
  1640 | D:2      | Found a stormy altar of Qazlal.
  1679 | D:2      | Found a shattered altar of Ashenzari.
  1857 | D:2      | XOM: divination: detect creatures
  2002 | D:2      | XOM: divination: detect creatures
  2039 | D:3      | XOM: silly message
  2069 | D:3      | XOM: potion effect (brilliance)
  2072 | D:3      | Slain by an orc priest

Dungeon Overview and Level Annotations

Branches:
Dungeon (3/15)

Altars:
Ashenzari
Qazlal


Message History

No target in view!
Things that are here:
a dagger; an orc corpse
There is a stone staircase leading down here.
You climb downwards.
A worm comes into view.
There is a stone staircase leading up here.
You hit the orc priest.
The orc priest is heavily wounded.
The orc priest hits you but does no damage.
You closely miss the orc priest.
The orc priest is heavily wounded.
The orc priest hits you but does no damage.
You hit the orc priest but do no damage.
The orc priest is heavily wounded.
The orc priest hits you but does no damage.
You hit the orc priest but do no damage.
The orc priest goes berserk!
The orc priest is moderately wounded.
The orc priest hits you but does no damage. x2
You hit the orc priest but do no damage.
The orc priest is moderately wounded. "Go forth and cause havoc, mortal!"
You feel clever all of a sudden.
The orc priest hits you with a short sword!
The worm bites you.
The orc priest hits you with a short sword.
You hit the orc priest but do no damage.
The orc priest is poisoned.
The orc priest is moderately wounded.
The orc priest hits you but does no damage.
The worm bites you.
The orc priest hits you but does no damage.
You hit the orc priest but do no damage.
The orc priest is heavily wounded.
The orc priest hits you with a short sword.
You closely miss the orc priest.
The orc priest is severely wounded.
The orc priest hits you with a short sword!
You die...

You could see a worm and an orc priest (berserk).

Vanquished Creatures
  An adder (D:1)
  2 giant geckos (D:1)
  3 orcs
  2 giant cockroaches (D:2)
  5 goblins
  7 hobgoblins
  6 jackals (D:1)
  4 kobolds (D:1)
  A ball python (D:2)
  9 bats
  3 giant newts
  A kobold (shapeshifter) (D:1)
  4 rats
48 creatures vanquished.

Vanquished Creatures (others)
  A plant (D:1)
1 creature vanquished.

Grand Total: 49 creatures vanquished

Action                   || total
-------------------------++-------
Melee: Mace              ||   153
 Stab: Paralysed         ||     2

Vault maps used:
D:1:      roderic_crop_circles_arrival_small, minmay_misc_feat_encased,
          due_unseen_surprise
D:2:      minmay_door_path, lemuel_doored_altar, nicolae_ashenzari_panopticon
D:3:      first_bread, nemelex_lonely_heart_becter, uniq_natasha
